XFBL
MONTREAL EXPOS @ LOS ANGELES DODGERS
07/19/1982
 
TOP OF THE 1ST
Montreal Expos batting - Pitching for Los Angeles Dodgers : RHP Mike Scott
Pitching: RHP Mike Scott
Batting: LHB Duane Walker 0-0: Called Strike
0-1: Called Strike
0-2: Ball
1-2: Foul Ball, location: 2F
1-2: Strikes out swinging
Batting: SHB Garry Templeton 0-0: Ball
1-0: Ball
2-0: Ground out 6-3 (Groundball, 6, EV 99.4 MPH)
Batting: LHB Kirk Gibson 0-0: Called Strike
0-1: Swinging Strike
0-2: Strikes out swinging
Top of the 1st over - 0 runs, 0 hits, 0 errors, 0 left on base; Montreal 0 - Los Angeles 0
BOTTOM OF THE 1ST
Los Angeles Dodgers batting - Pitching for Montreal Expos : LHP Frank Riccelli
Pitching: LHP Frank Riccelli
Batting: RHB Billy Sample 0-0: Fly out, F9 (Flyball, 9S, EV 86.9 MPH)
Batting: RHB Carney Lansford 0-0: Foul Ball, location: 2F
0-1: Swinging Strike
0-2: Ball
1-2: Foul Ball, location: 2F
1-2: Ball
2-2: Ball
3-2: Ground out 5-3 (Groundball, 5, EV 103.1 MPH)
Batting: RHB Dick Davis 0-0: Ball
1-0: Called Strike
1-1: Ball
2-1: SINGLE (Line Drive, 3D, EV 95.6 MPH)
Batting: RHB Jerry Keller 0-0: Ball
1-0: Ground out 6-3 (Groundball, 6M, EV 79.4 MPH)
Bottom of the 1st over - 0 runs, 1 hit, 0 errors, 1 left on base; Montreal 0 - Los Angeles 0
TOP OF THE 2ND
Montreal Expos batting - Pitching for Los Angeles Dodgers : RHP Mike Scott
Batting: RHB Dale Murphy 0-0: Foul Ball, location: 2F
0-1: Swinging Strike
0-2: Ball
1-2: Strikes out looking
Batting: RHB Dave Winfield 0-0: Called Strike
0-1: Called Strike
0-2: Strikes out looking
Batting: LHB Ernesto Quevedo 0-0: Called Strike
0-1: Ball
1-1: Called Strike
1-2: Ball
2-2: Foul Ball, location: 2F
2-2: Strikes out swinging
Top of the 2nd over - 0 runs, 0 hits, 0 errors, 0 left on base; Montreal 0 - Los Angeles 0
BOTTOM OF THE 2ND
Los Angeles Dodgers batting - Pitching for Montreal Expos : LHP Frank Riccelli
Batting: SHB Chris W Smith 0-0: Foul Ball, location: 2F
0-1: Ball
1-1: Called Strike
1-2: Foul Ball, location: 2F
1-2: Ground out U3 (Groundball, 3L, EV 79.4 MPH)
Batting: LHB Darren Daulton 0-0: Called Strike
0-1: Foul Ball, location: 2F
0-2: Ball
1-2: Ball
2-2: Foul Ball, location: 2F
2-2: Foul Ball, location: 2F
2-2: Foul Ball, location: 2F
2-2: Foul Ball, location: 2F
2-2: Ball
3-2: Strikes out looking
Batting: SHB Spike Owen 0-0: Fly out, F4 (Popup, 3S, EV 83.1 MPH)
Bottom of the 2nd over - 0 runs, 0 hits, 0 errors, 0 left on base; Montreal 0 - Los Angeles 0
TOP OF THE 3RD
Montreal Expos batting - Pitching for Los Angeles Dodgers : RHP Mike Scott
Batting: SHB Biff Pocoroba 0-0: Called Strike
0-1: Ground out 1-3 (Groundball, 13S, EV 62.5 MPH)
Batting: SHB Alex Ortiz 0-0: Ball
1-0: Ball
2-0: Foul Ball, location: 2F
2-1: SINGLE (Line Drive, 89M, EV 110.0 MPH)
Batting: LHB Frank Riccelli 0-0: Bunted foul
0-1: Sac Bunt to P - play at first, batter OUT! 1-4
Alex Ortiz to second
Batting: LHB Duane Walker 0-0: DOUBLE (Line Drive, 9LS, EV 105.0 MPH)
Alex Ortiz scores
Batting: SHB Garry Templeton 0-0: Called Strike
0-1: Ball
1-1: Ball
2-1: Ball
3-1: SINGLE (Groundball, 34S, EV 85.6 MPH) (infield hit)
Duane Walker to third
Batting: LHB Kirk Gibson 0-0: Ball
1-0: Swinging Strike
1-1: Foul Ball, location: 2F
1-2: SINGLE (Groundball, 4D, EV 95.6 MPH)
Duane Walker scores
Garry Templeton to second
Runner from 2nd tries for 3rd, SAFE, throw by CF made to third
Kirk Gibson to second
Batting: RHB Dale Murphy 0-0: Ground out 5-3 (Groundball, 56S, EV 83.1 MPH)
Top of the 3rd over - 2 runs, 4 hits, 0 errors, 2 left on base; Montreal 2 - Los Angeles 0
BOTTOM OF THE 3RD
Los Angeles Dodgers batting - Pitching for Montreal Expos : LHP Frank Riccelli
Batting: RHB Damaso Garcia 0-0: Fly out, F5 (Line Drive, 5, EV 69.4 MPH)
Batting: RHB Mike Scott 0-0: Called Strike
0-1: Ball
1-1: Foul Ball, location: 2F
1-2: Strikes out looking
Batting: RHB Billy Sample 0-0: Ball
1-0: Called Strike
1-1: Fly out, F9 (Flyball, 9, EV 77.5 MPH)
Bottom of the 3rd over - 0 runs, 0 hits, 0 errors, 0 left on base; Montreal 2 - Los Angeles 0
TOP OF THE 4TH
Montreal Expos batting - Pitching for Los Angeles Dodgers : RHP Mike Scott
Batting: RHB Dave Winfield 0-0: Called Strike
0-1: Ball
1-1: DOUBLE (Flyball, 89XD, EV 103.8 MPH)
Batting: LHB Ernesto Quevedo 0-0: Foul Ball, location: 2F
0-1: Ball
1-1: DOUBLE (Flyball, 78XD, EV 103.1 MPH)
Dave Winfield scores
Batting: SHB Biff Pocoroba 0-0: Swinging Strike
0-1: Called Strike
0-2: Ball
1-2: Strikes out swinging
Batting: SHB Alex Ortiz 0-0: Called Strike
0-1: Foul Ball, location: 2F
0-2: Ball
1-2: Ball
2-2: Foul Ball, location: 2F
2-2: Strikes out swinging
Batting: LHB Frank Riccelli 0-0: Called Strike
0-1: Foul Ball, location: 2F
0-2: Ball
1-2: Strikes out swinging
Top of the 4th over - 1 run, 2 hits, 0 errors, 1 left on base; Montreal 3 - Los Angeles 0
BOTTOM OF THE 4TH
Los Angeles Dodgers batting - Pitching for Montreal Expos : LHP Frank Riccelli
Batting: RHB Carney Lansford 0-0: Ball
1-0: Ball
2-0: Ball
3-0: Fly out, F3 (Popup, 34S, EV 72.5 MPH)
Batting: RHB Dick Davis 0-0: Ground out 4-3 (Groundball, 4M, EV 76.3 MPH)
Batting: RHB Jerry Keller 0-0: Foul Ball, location: 2F
0-1: SINGLE (Line Drive, 8RS, EV 105.6 MPH)
Batting: SHB Chris W Smith 0-0: Called Strike
0-1: Ball
Jerry Keller steals 2nd base
1-1: Ground out 4-3 (Groundball, 4, EV 82.5 MPH)
Bottom of the 4th over - 0 runs, 1 hit, 0 errors, 1 left on base; Montreal 3 - Los Angeles 0
TOP OF THE 5TH
Montreal Expos batting - Pitching for Los Angeles Dodgers : RHP Mike Scott
Batting: LHB Duane Walker 0-0: Ball
1-0: Swinging Strike
1-1: Foul Ball, location: 2F
1-2: Fly out, F9 (Flyball, 89S, EV 86.9 MPH)
Batting: SHB Garry Templeton 0-0: Swinging Strike
0-1: Foul Ball, location: 2F
0-2: Strikes out swinging
Batting: LHB Kirk Gibson 0-0: Foul Ball, location: 2F
0-1: Ball
1-1: Ball
2-1: Foul Ball, location: 2F
2-2: Foul Ball, location: 2F
2-2: Reached on error, E4 (Groundball, 4, EV 106.9 MPH)
Batting: RHB Dale Murphy 0-0: Ball
Kirk Gibson is caught stealing 2nd base 2-4
Top of the 5th over - 0 runs, 0 hits, 1 error, 0 left on base; Montreal 3 - Los Angeles 0
BOTTOM OF THE 5TH
Los Angeles Dodgers batting - Pitching for Montreal Expos : LHP Frank Riccelli
Batting: LHB Darren Daulton 0-0: Foul Ball, location: 2F
0-1: Called Strike
0-2: Ball
1-2: Ball
2-2: Strikes out swinging
Batting: SHB Spike Owen 0-0: Called Strike
0-1: Ball
1-1: SINGLE (Groundball, 56S, EV 73.1 MPH) (infield hit)
Batting: RHB Damaso Garcia 0-0: Ball
1-0: Fielders Choice at 2nd, 6-4 (Groundball, 6, EV 81.9 MPH)
Batting: RHB Mike Scott 0-0: Ball
1-0: Foul Ball, location: 2F
1-1: Ground out 6-3 (Groundball, P, EV 82.5 MPH)
Bottom of the 5th over - 0 runs, 1 hit, 0 errors, 1 left on base; Montreal 3 - Los Angeles 0
TOP OF THE 6TH
Montreal Expos batting - Pitching for Los Angeles Dodgers : RHP Mike Scott
Batting: RHB Dale Murphy 0-0: Swinging Strike
0-1: Foul Ball, location: 2F
0-2: Ball
1-2: Hit by Pitch
Batting: RHB Dave Winfield 0-0: Swinging Strike
0-1: Foul Ball, location: 2F
0-2: Strikes out swinging
Batting: LHB Ernesto Quevedo 0-0: Fielders Choice at 2nd, 4-6 (Groundball, 4, EV 104.4 MPH)
Batting: SHB Biff Pocoroba 0-0: Ball
1-0: Called Strike
1-1: Ball
2-1: Ball
3-1: Foul Ball, location: 2F
3-2: Strikes out swinging
Top of the 6th over - 0 runs, 0 hits, 0 errors, 1 left on base; Montreal 3 - Los Angeles 0
BOTTOM OF THE 6TH
Los Angeles Dodgers batting - Pitching for Montreal Expos : LHP Frank Riccelli
Batting: RHB Billy Sample 0-0: Ball
1-0: Foul Ball, location: 2F
1-1: Foul Ball, location: 2F
1-2: Ball
2-2: Foul Ball, location: 2F
2-2: Ball
3-2: Foul Ball, location: 2F
3-2: Fly out, F8 (Flyball, 8LXD, EV 110.6 MPH)
Batting: RHB Carney Lansford 0-0: Foul Ball, location: 2F
0-1: Ball
1-1: Ground out 5-3 (Groundball, 56, EV 110.6 MPH)
Batting: RHB Dick Davis 0-0: Called Strike
0-1: SINGLE (Flyball, 9LS, EV 93.8 MPH)
Batting: RHB Jerry Keller 0-0: Called Strike
0-1: Ball
1-1: Ball
2-1: Fielders Choice at 2nd, 5-4 (Groundball, 5, EV 86.9 MPH)
Bottom of the 6th over - 0 runs, 1 hit, 0 errors, 1 left on base; Montreal 3 - Los Angeles 0
TOP OF THE 7TH
Montreal Expos batting - Pitching for Los Angeles Dodgers : RHP Mike Scott
Batting: SHB Alex Ortiz 0-0: Called Strike
0-1: Called Strike
0-2: Ball
1-2: Ball
2-2: Strikes out looking
Batting: LHB Frank Riccelli 0-0: Called Strike
0-1: Ball
1-1: Called Strike
1-2: Strikes out swinging
Batting: LHB Duane Walker 0-0: Ball
1-0: SINGLE (Flyball, 3D, EV 95.0 MPH)
Batting: SHB Garry Templeton 0-0: Fly out, F7 (Flyball, 7, EV 88.1 MPH)
Top of the 7th over - 0 runs, 1 hit, 0 errors, 1 left on base; Montreal 3 - Los Angeles 0
BOTTOM OF THE 7TH
Los Angeles Dodgers batting - Pitching for Montreal Expos : LHP Frank Riccelli
Batting: SHB Chris W Smith 0-0: Ball
1-0: Ground out 4-3 (Groundball, 4S, EV 70.0 MPH)
Batting: LHB Darren Daulton 0-0: Swinging Strike
0-1: Ball
1-1: Ball
2-1: Ball
3-1: Base on Balls
Batting: SHB Spike Owen 0-0: Ball
Darren Daulton is caught stealing 2nd base 2-4
1-0: Ball
2-0: Fly out, F8 (Flyball, 8RM, EV 98.1 MPH)
Bottom of the 7th over - 0 runs, 0 hits, 0 errors, 0 left on base; Montreal 3 - Los Angeles 0
TOP OF THE 8TH
Montreal Expos batting - Pitching for Los Angeles Dodgers : RHP Mike Scott
Batting: LHB Kirk Gibson 0-0: Swinging Strike
0-1: Ball
1-1: Called Strike
1-2: Ball
2-2: Ball
3-2: Strikes out swinging
Batting: RHB Dale Murphy 0-0: Called Strike
0-1: Ball
1-1: Ball
2-1: Swinging Strike
2-2: Strikes out swinging
Batting: RHB Dave Winfield 0-0: Called Strike
0-1: Ball
1-1: Ball
2-1: Fly out, F8 (Flyball, 8RM, EV 93.8 MPH)
Top of the 8th over - 0 runs, 0 hits, 0 errors, 0 left on base; Montreal 3 - Los Angeles 0
BOTTOM OF THE 8TH
Los Angeles Dodgers batting - Pitching for Montreal Expos : LHP Frank Riccelli
Batting: RHB Damaso Garcia 0-0: Fly out, F8 (Flyball, 89D, EV 95.6 MPH)
Batting: RHB Mike Scott 0-0: Called Strike
0-1: Foul Ball, location: 2F
0-2: Ball
1-2: Foul Ball, location: 2F
1-2: Ball
2-2: Strikes out swinging
Batting: RHB Billy Sample 0-0: Foul Ball, location: 2F
0-1: Called Strike
0-2: Ball
1-2: Ball
2-2: Foul Ball, location: 2F
2-2: Ground out 6-3 (Groundball, 6S, EV 86.9 MPH)
Bottom of the 8th over - 0 runs, 0 hits, 0 errors, 0 left on base; Montreal 3 - Los Angeles 0
TOP OF THE 9TH
Montreal Expos batting - Pitching for Los Angeles Dodgers : RHP Mike Scott
Batting: LHB Ernesto Quevedo 0-0: Called Strike
0-1: Foul Ball, location: 2F
0-2: Foul Ball, location: 2F
0-2: Ball
1-2: Ball
2-2: Ground out 4-3 (Groundball, 4MS, EV 79.4 MPH)
Batting: SHB Biff Pocoroba 0-0: Foul Ball, location: 2F
0-1: Ball
1-1: Called Strike
1-2: Foul Ball, location: 2F
1-2: Strikes out looking
Batting: SHB Alex Ortiz 0-0: Called Strike
0-1: Ball
1-1: Ball
2-1: Ball
3-1: Foul Ball, location: 2F
3-2: SINGLE (Groundball, 3S, EV 73.8 MPH) (infield hit)
Batting: LHB Frank Riccelli 0-0: Ball
Wild Pitch!
Alex Ortiz to second
1-0: Ball
2-0: Foul Ball, location: 2F
2-1: Ball
3-1: SINGLE (Line Drive, 4D, EV 109.4 MPH)
Alex Ortiz to third
Runner from 3rd tries for Home, SAFE, throw by RF to home
Frank Riccelli to second
Batting: LHB Duane Walker 0-0: Ground out 5-3 (Groundball, 56, EV 78.8 MPH)
Top of the 9th over - 1 run, 2 hits, 0 errors, 1 left on base; Montreal 4 - Los Angeles 0
BOTTOM OF THE 9TH
Los Angeles Dodgers batting - Pitching for Montreal Expos : LHP Frank Riccelli
Batting: RHB Carney Lansford 0-0: Called Strike
0-1: Ground out U3 (Groundball, 3S, EV 82.5 MPH)
Batting: RHB Dick Davis 0-0: Called Strike
0-1: Ball
1-1: Foul Ball, location: 2F
1-2: Strikes out swinging
Batting: RHB Jerry Keller 0-0: Called Strike
0-1: Ball
1-1: Ball
2-1: Ball
3-1: Base on Balls
Batting: SHB Chris W Smith 0-0: Ball
1-0: Foul Ball, location: 2F
1-1: Fielders Choice at 2nd, 6-4 (Groundball, 6, EV 85.6 MPH)
Bottom of the 9th over - 0 runs, 0 hits, 0 errors, 1 left on base; Montreal 4 - Los Angeles 0
Monday, August 17th, 2020 - OOTP Baseball 21.5 Build 76